 Dungeon Crawl Stone Soup version 0.28-a0-422-gd71735cc25 (webtiles) character file.

Game seed: 14275632600569438501

22882 sanka the Spry (level 13, 0/92 HPs)
             Began as a Merfolk Summoner on Sept 8, 2021.
             Was an Elder of Hepliaklqana.
             Slain by a wolf (2 damage)
             ... on level 2 of the Lair of Beasts.
             The game lasted 00:43:40 (19255 turns).

sanka the Spry (Merfolk Summoner)                  Turns: 19255, Time: 00:43:40

Health: 0/92       AC: 13    Str:  8    XL:     13   Next: 3%
Magic:  22/22      EV: 37    Int: 24    God:    Hepliaklqana [****..]
Gold:   851        SH:  0    Dex: 19    Spells: 7/24 levels left

rFire   + . .      SeeInvis .   a - +3 short sword "Ijamyar" {elec, rF+ rN+ Dex+3}
rCold   + . .      Faith    .   (no shield)
rNeg    + + .      Spirit   .   F - +0 steam dragon scales
rPois   .          Reflect  .   k - +0 helmet
rElec   .          Harm     .   (no cloak)
rCorr   .          Rampage  .   r - +2 pair of gloves
Will    .....                   (no boots)
Stlth   ++........              d - amulet of the acrobat
HPRegen 0.25/turn               U - ring "Umiag" {rC+ rN+ Int+6}
MPRegen 0.18/turn               i - +4 ring of protection

@: acrobatic
A: reduced essence, (nimble swimmer 2), mertail
a: Renounce Religion, Recall Ancestor, Ancestor Identity, Transference, Idealise


You were on level 2 of the Lair of Beasts.
You worshipped Hepliaklqana.
Hepliaklqana was greatly pleased with you.
You visited 3 branches of the dungeon, and saw 15 of its levels.
You also visited: Ossuary and Ice Cave.

You collected 851 gold pieces.


Innate Abilities, Weirdness & Mutations

Your life essence is reduced to manifest your ancestor. (-10% HP)
((You are quick and stealthy near water. (Stealth+, EV+, Speed+++)))
Your lower body shifts to a powerful aquatic tail in water.


   Skills:
 - Level 10.0 Fighting
 - Level 15.0 Dodging
 - Level 2.1 Stealth
 - Level 6.0 Spellcasting
 + Level 14.2 Summonings


You had 7 spell levels left.
You knew the following spells:

 Your Spells              Type           Power      Damage    Failure   Level
c - Call Canine Familiar  Summ           66%        N/A       1%          3
v - Summon Hydra          Summ           33%        N/A       21%         7
x - Call Imp              Summ           66%        N/A       1%          2
y - Summon Ice Beast      Ice/Summ       41%        N/A       4%          4
z - Summon Small Mammal   Summ           100%       N/A       1%          1

Your spell library contained the following spells:

 Spells                   Type           Power      Damage    Failure   Level
 Summon Guardian Golem    Hex/Summ       41%        N/A       1%          3
 Summon Lightning Spire   Summ/Air       41%        N/A       4%          4
 Foxfire                  Conj/Fire      28%        2x1d5     8%          1
 Magic Dart               Conj           28%        1d4       8%          1
 Corpse Rot               Necr/Air       N/A        N/A       12%         2
 Ensorcelled Hibernation  Hex/Ice        14%        N/A       12%         2
 Poisonous Vapours        Pois/Air       14%        N/A       12%         2
 Sublimation of Blood     Necr           3%         N/A       12%         2
 Wereblood                Tmut           7%         N/A       12%         2
 Conjure Flame            Conj/Fire      7%         6-21      24%         3
 Frozen Ramparts          Ice            14%        1d3       24%         3
 Inner Flame              Hex/Fire       7%         N/A       24%         3
 Mephitic Cloud           Conj/Pois/Air  7%         N/A       24%         3
 Spider Form              Tmut/Pois      3%         N/A       24%         3
 Cause Fear               Hex            3%         N/A       61%         4
 Flame Wave               Conj/Fire      7%         3d4       61%         4
 Hailstorm                Conj/Ice       7%         3d4       61%         4
 Ice Form                 Ice/Tmut       7%         N/A       61%         4
 Simulacrum               Ice/Necr       3%         N/A       100%        6
 Discord                  Hex            3%         N/A       100%        8

Inventory:

Hand Weapons
 a - the +3 short sword "Ijamyar" (weapon) {elec, rF+ rN+ Dex+3}

   It occasionally discharges a powerful burst of electricity upon striking a
   foe.
   Dex:       It affects your dexterity (+3).
   rF:        It protects you from fire.
   rN:        It protects you from negative energy.
 b - a +1 short sword of venom
 M - a +2 scimitar of flaming
Missiles
 g - 4 curare-tipped darts {=f}
 L - 4 throwing nets {=f}
Armour
 k - a +0 helmet (worn)
 r - a +2 pair of gloves (worn)
 F - +0 steam dragon scales (worn)
Jewellery
 d - an amulet of the acrobat (around neck)
 i - a +4 ring of protection (right hand)
 t - a ring of flight
 U - the ring "Umiag" (left hand) {rC+ rN+ Int+6}

   [ring of intelligence]

   Int:       It affects your intelligence (+6).
   rC:        It protects you from cold.
   rN:        It protects you from negative energy.
Wands
 u - a wand of flame (27)
 v - a wand of paralysis (11)
 w - a wand of polymorph (9)
 x - a wand of acid (6)
 X - a wand of mindburst (12)
Scrolls
 e - a scroll of fear
 l - 8 scrolls of teleportation {@r4}
 n - a scroll of amnesia
 o - a scroll of summoning {unknown}
 p - 2 scrolls of magic mapping
 q - 3 scrolls of immolation {!r}
 y - a scroll of holy word {unknown}
 D - 2 scrolls of enchant armour
 E - 3 scrolls of vulnerability {!r}
 G - a scroll of acquirement {unknown}
 K - 2 scrolls of enchant weapon
 O - a scroll of fog
 P - 3 scrolls of blinking
 V - a scroll of brand weapon
Potions
 c - 4 potions of lignification {unknown}
 f - 4 potions of haste {unknown}
 j - 6 potions of heal wounds {@q2}
 m - 5 potions of mutation {unknown}
 s - 2 potions of brilliance {unknown}
 z - 2 potions of berserk rage {unknown}
 A - 2 potions of attraction {unknown}
 B - 6 potions of curing {unknown}
 C - a potion of might {unknown}
 I - 3 potions of flight {unknown}
 J - a potion of cancellation {unknown}
 Q - a potion of magic {unknown}
 R - a potion of degeneration {unknown}
 W - 3 potions of resistance {unknown}
 Y - a potion of invisibility {unknown}
Miscellaneous
 h - a condenser vane

Dungeon Overview and Level Annotations

Branches:
Dungeon (11/15)            Temple (1/1) D:6            Lair (3/6) D:8
    Orc (0/2) D:9         Ossuary (visited)           IceCv (visited)
  Swamp: Lair:2-4    Shoals: Lair:2-4     Snake: Lair:2-4    Spider: Lair:2-4

Altars:
Ashenzari
Cheibriados
Dithmenos
Elyvilon
Fedhas
Gozag
Hepliaklqana
Kikubaaqudgha
Makhleb
Nemelex Xobeh
Okawaru
Qazlal
Ru
Sif Muna
Trog
Uskayaw
Vehumet
Wu Jian
Xom
Yredelemnul
Zin
The Shining One

Shops:
D:3 =   D:10 :

Annotations:
D:3 1 runed translucent door, Soel's ghost, amateur GrEE
D:10 exclusion: obsidian statue

▒.........
▒.........
▒▒.........
▒▒▒▒▒..........
▒..............
▒.............. ▒▒▒
▒..............
...♣♣
▒..............
♣.l♣▒m.............
♣R.hh...........
♣.F♣▒....£.......
...♣♣ ▒...▒▒▒▒▒▒f.
▒▒▒ ▒..▒▒ ▒▒▒▒


You could see the friendly Ahhotep the knight, a polar bear (berserk), a wolf
and a bullfrog (ally target).


Message History

The polar bear barely misses you.
The polar bear claws you but does no damage.
The polar bear misses you.
The bullfrog hits Ahhotep but does no damage.
The wolf misses you.
Ahhotep hits the wolf with a +0 flail.
Ahhotep blocks the wolf's attack.
Ahhotep blocks the polar bear's attack.
The polar bear claws Ahhotep but does no damage.
The polar bear claws Ahhotep but does no damage.
The bullfrog misses you. The wolf misses you. The polar bear bites you!
* * * LOW HITPOINT WARNING * * *
The polar bear claws you but does no damage.
The polar bear closely misses you.
Ahhotep blocks the bullfrog's attack.
The komodo dragon hisses menacingly.
The komodo dragon barely misses Ahhotep.
The wolf completely misses you. The polar bear barely misses you.
The polar bear closely misses you. The polar bear completely misses you.
Ahhotep blocks the bullfrog's attack.
The wolf completely misses you.
Ahhotep barely misses the bullfrog.
Ahhotep blocks the bullfrog's attack.
Something bites Ahhotep!!
The wolf bites you.
You die...

Action                   |  1- 3 |  4- 6 |  7- 9 | 10-12 | 13-15 || total
-------------------------+-------+-------+-------+-------+-------++-------
Melee: Unarmed           |   148 |       |       |       |       ||   148
       Short sword       |    17 |   120 |   283 |   620 |    55 ||  1095
Throw: Dart              |       |       |       |     1 |       ||     1
 Cast: Summon Small Mamm |    14 |       |       |       |       ||    14
       Call Imp          |    15 |     2 |     5 |    11 |       ||    33
       Call Canine Famil |     1 |     3 |     8 |    27 |       ||    39
       Summon Ice Beast  |       |       |       |    10 |     1 ||    11
       Summon Hydra      |       |       |       |     1 |       ||     1
Invok: Ancestor Life: Kn |       |       |       |     1 |       ||     1
       Ancestor Identity |       |       |       |     1 |       ||     1
       Recall Ancestor   |       |       |       |       |     1 ||     1
Evoke: Wand              |       |       |       |    15 |       ||    15
  Use: Scroll            |       |       |       |    11 |     2 ||    13
       Potion            |       |       |       |     1 |       ||     1
 Stab: Distracted        |     1 |       |     3 |    12 |       ||    16
       Sleeping          |       |     9 |    12 |     3 |       ||    24
Armor: Robe              |    50 |    29 |    31 |    53 |       ||   163
       Steam dragon scal |       |       |    43 |   154 |    38 ||   235
Dodge: Dodged            |   170 |    75 |   267 |   871 |   187 ||  1570

Levels and vault maps discovered:
D:1:      dpeg_arrival_radiant, layout_basic, basic_ecumenical_altar,
          minmay_split_cup_small
D:2:      minmay_chambers_of_twos, layout_basic
D:3:      layout_basic, nzn_wu_jian_contemplation,
          hellmonk_ghost_happy_afterlife, serial_shops, nicolae_shop_trees
D:4:      layout_basic, mainiacjoe_overflow_concentric_impassable
D:5:      layout_loops_ring, lightli_temple_of_fire, nicolae_uskayaw_en_pointe
D:6:      layout_cave_pods, gammafunk_temple_overflow_wave, temple_pool_b,
          nicolae_ossuary_entry_monument, small_statue_intersection,
          minmay_misc_feat_more_columns, minmay_fractal_squares_gapless_5,
          uniq_sigmund, uniq_grinder
D:7:      layout_basic
D:8:      layout_cave_pods, erik_lair_orcish_takeover,
          amcnicky_mini_corridor_feature, minivault_12, uniq_erica
D:9:      layout_loops_ring, tgw_kikubaaqudgha, zombieorc2_lemuel,
          minmay_misc_feat_rows
D:10:     minmay_separated_statues, layout_basic, ebering_ghost_gozag,
          serial_shops, shop_fountains, shop, uniq_sonja
D:11:     layout_roguey, portal_ice_cave_demonic_guard,
          minmay_misc_feat_ornament, uniq_harold, uniq_josephine, uniq_gastronok
Temple:   regret_index_temple_waves
Lair:1:   beast_lair_carwin_large_1, layout_layer_cave
Lair:2:   nzn_winding_woodlands_huge [nzn_winding_woodlands_5x15_eye,
          nzn_winding_woodlands_5x15_concentric,
          nzn_winding_woodlands_5x15_default, nzn_winding_woodlands_5x15_parted,
          nzn_winding_woodlands_5x15_cabin, nzn_winding_woodlands_5x15_sawtooth,
          nzn_winding_woodlands_5x15_default, nzn_winding_woodlands_5x15_twine,
          nzn_winding_woodlands_5x15_sidewinder,
          nzn_winding_woodlands_5x15_river_crossing,
          nzn_winding_woodlands_center_triple_pond,
          nzn_winding_woodlands_center_diamonds,
          nzn_winding_woodlands_15x15_eel_pit], layout_big_grid
Lair:3:   statuecave_lemuel, layout_long_grid,
          nicolae_spider_entry_tight_spaces, beast_lair_carwin_7,
          infiniplex_staircase_pool

Notes
Turn   | Place    | Note
-------+----------+-------------------------------------------
     0 | D:1      | sanka the Merfolk Summoner began the quest for the Orb.
     0 | D:1      | Reached XP level 1. HP: 13/13 MP: 3/3
   281 | D:1      | Reached XP level 2. HP: 7/19 MP: 0/5
   531 | D:1      | Learned a level 2 spell: Call Imp
  1268 | D:1      | Reached XP level 3. HP: 8/24 MP: 3/6
  1464 | D:1      | Learned a level 3 spell: Call Canine Familiar
  1528 | D:1      | Reached skill level 5 in Summonings
  1770 | D:1      | Found a faded altar of an unknown god.
  2411 | D:2      | HP: 2/24 [poisoned by a kobold]
  2940 | D:2      | Reached XP level 4. HP: 25/30 MP: 7/7
  3635 | D:3      | Reached skill level 6 in Summonings
  3637 | D:3      | Reached XP level 5. HP: 30/35 MP: 2/8
  3735 | D:3      | Found Heevanloe's Jewellery Emporium.
  4048 | D:3      | Found an ornate altar of the Wu Jian Council.
  4063 | D:3      | Noticed Soel's ghost (amateur GrEE)
  4066 | D:3      | Found a runed translucent door.
  4571 | D:4      | Identified the +3 short sword "Ijamyar" {elec, rF+ rN+
                  | Dex+3}
  4804 | D:4      | Reached skill level 7 in Summonings
  4804 | D:4      | Reached XP level 6. HP: 31/41 MP: 9/9
  4912 | D:4      | Found a basalt altar of Yredelemnul.
  5199 | D:5      | Entered Level 5 of the Dungeon
  5592 | D:5      | Noticed a +0 spear
  5593 | D:5      | Noticed a +0 short sword
  5596 | D:5      | Noticed a +0 short sword
  5611 | D:5      | Noticed a +0 dagger
  5613 | D:5      | Noticed a +0 dagger
  5613 | D:5      | Noticed a +0 falchion
  5614 | D:5      | Noticed a +0 spear
  5614 | D:5      | Noticed a +0 falchion
  5616 | D:5      | Found a hide-covered altar of Uskayaw.
  5852 | D:5      | Found a bloodstained altar of Trog.
  6020 | D:6      | Noticed Sigmund
  6049 | D:6      | Killed Sigmund
  6050 | D:6      | Reached skill level 8 in Summonings
  6050 | D:6      | Reached skill level 4 in Dodging
  6050 | D:6      | Reached XP level 7. HP: 42/46 MP: 3/10
  6105 | D:6      | Found a glowing golden altar of the Shining One.
  6105 | D:6      | Found an iron altar of Okawaru.
  6119 | D:6      | Noticed Grinder
  6127 | D:6      | Killed Grinder
  6128 | D:6      | Reached skill level 6 in Dodging
  6130 | D:6      | Found a sand-covered staircase.
  6224 | Ossuary  | Entered an ossuary
  6350 | Ossuary  | Reached skill level 7 in Dodging
  6500 | Ossuary  | Reached XP level 8. HP: 52/52 MP: 11/11
  6716 | Ossuary  | Reached skill level 8 in Dodging
  6928 | Ossuary  | Reached skill level 1 in Fighting
  7089 | D:6      | Identified +0 steam dragon scales
  7090 | D:6      | Reached skill level 2 in Fighting
  7179 | D:6      | Reached skill level 3 in Fighting
  7180 | D:6      | Reached skill level 9 in Dodging
  7467 | D:6      | Reached skill level 4 in Fighting
  7635 | D:6      | Found a staircase to the Ecumenical Temple.
  8136 | Temple   | Entered the Ecumenical Temple
  8264 | Temple   | Became a worshipper of Hepliaklqana the Forgotten
  8309 | D:8      | Noticed a two-headed ogre
  8320 | D:8      | Killed a two-headed ogre
  8321 | D:8      | Reached skill level 6 in Fighting
  8321 | D:8      | Reached skill level 10 in Dodging
  8321 | D:8      | Reached XP level 9. HP: 45/69 MP: 7/12
  8525 | D:8      | Noticed a cyclops
  8557 | D:8      | Noticed a tengu conjurer
  8566 | D:8      | Noticed a cyclops
  8566 | D:8      | Noticed a skeletal warrior
  8566 | D:8      | Noticed a tengu conjurer
  8566 | D:8      | Noticed a two-headed ogre
  8566 | D:8      | Noticed a manticore
  8603 | D:7      | Reached skill level 11 in Dodging
  8914 | D:7      | Reached skill level 12 in Dodging
  8979 | D:7      | Reached * piety under Hepliaklqana
  9196 | D:7      | Noticed a cyclops
  9213 | D:7      | Killed a cyclops
  9214 | D:7      | Reached skill level 7 in Fighting
  9291 | D:7      | Reached XP level 10. HP: 71/71 MP: 13/13
  9623 | D:8      | Reached skill level 13 in Dodging
  9810 | D:8      | Noticed a boulder beetle
  9855 | D:8      | Noticed Erica
  9868 | D:8      | Killed Erica
  9869 | D:8      | Reached skill level 8 in Fighting
 10197 | D:8      | Reached ** piety under Hepliaklqana
 10199 | D:8      | Remembered your ancestor Ahhotep as a knight
 10234 | D:8      | Found a staircase to the Lair.
 11078 | D:9      | Found a staircase to the Orcish Mines.
 11093 | D:9      | Reached skill level 9 in Fighting
 11121 | D:9      | Reached skill level 14 in Dodging
 11685 | D:9      | Found an ancient bone altar of Kikubaaqudgha.
 12043 | D:10     | Entered Level 10 of the Dungeon
 12076 | D:10     | Found Eqeann's Book Shoppe.
 12118 | D:10     | Noticed a boulder beetle
 12154 | D:10     | Reached skill level 10 in Fighting
 12154 | D:10     | Reached XP level 11. HP: 58/81 MP: 14/14
 12162 | D:10     | Killed a boulder beetle
 12163 | D:10     | Reached skill level 15 in Dodging
 12335 | D:10     | Reached skill level 3 in Spellcasting
 12365 | D:10     | Noticed an obsidian statue
 12639 | D:11     | Noticed Gastronok
 12654 | D:11     | Killed Gastronok
 12655 | D:11     | Reached skill level 4 in Spellcasting
 12655 | D:11     | Reached skill level 9 in Summonings
 12742 | D:11     | Noticed Josephine
 12780 | D:11     | Killed Josephine
 12781 | D:11     | Reached skill level 5 in Spellcasting
 12829 | D:11     | Found a frozen archway.
 12848 | D:11     | HP: 6/81 [ice devil (22)]
 13088 | IceCv    | Entered an ice cave
 13182 | IceCv    | Learned a level 7 spell: Summon Hydra
 13245 | IceCv    | Identified the ring "Umiag" {rC+ rN+ Int+6}
 13531 | IceCv    | Reached skill level 10 in Summonings
 14154 | IceCv    | HP: 7/81 [ice statue/bolt of cold (10)]
 14483 | IceCv    | Reached skill level 6 in Spellcasting
 14790 | IceCv    | HP: 5/81 [two-headed ogre simulacrum (7)]
 14814 | IceCv    | Reached XP level 12. HP: 11/87 MP: 18/21
 15231 | IceCv    | HP: 6/87 [entropy weaver simulacrum (7)]
 15816 | IceCv    | Noticed a reaper
 16083 | IceCv    | Killed a reaper
 16084 | IceCv    | Reached skill level 11 in Summonings
 16462 | D:11     | Learned a level 4 spell: Summon Ice Beast
 16523 | D:11     | Noticed Harold
 16523 | D:11     | Noticed a tengu warrior
 16548 | D:11     | Killed Harold
 16561 | D:11     | Killed a tengu warrior
 16562 | D:11     | Reached skill level 12 in Summonings
 17199 | D:11     | Reached *** piety under Hepliaklqana
 17290 | Lair:1   | Entered Level 1 of the Lair of Beasts
 17524 | Lair:1   | Noticed a seven-headed hydra
 17527 | Lair:1   | Noticed a nameless horror
 17532 | Lair:1   | Killed a nameless horror
 17533 | Lair:1   | Killed a seven-headed hydra
 17534 | Lair:1   | Reached skill level 13 in Summonings
 18860 | Lair:1   | Reached **** piety under Hepliaklqana
 18940 | Lair:1   | Reached skill level 14 in Summonings
 19091 | Lair:2   | Reached XP level 13. HP: 92/92 MP: 18/22
 19252 | Lair:2   | HP: 8/92 [polar bear (3)]
 19254 | Lair:2   | HP: 2/92 [polar bear (7)]
 19255 | Lair:2   | Slain by a wolf

Vanquished Creatures
  Gastronok (D:11)
  A reaper (IceCv)
  Josephine (D:11)
  A boulder beetle (D:10)
  A two-headed ogre (D:8)
  A cyclops (D:7)
  A cane toad (Lair:1)
  A komodo dragon (Lair:1)
  A troll (D:10)
  An entropy weaver simulacrum (IceCv)
  2 ice devils (D:11)
  A hornet (D:9)
  Sigmund (D:6)
  2 wraiths (D:11)
  2 shadows
  2 dire elephant simulacra (IceCv)
  2 yaks (D:11)
  A steam dragon (Lair:2)
  2 basilisks (Lair:1)
  2 wargs (D:8)
  2 harpy simulacra (IceCv)
  A two-headed ogre zombie (D:9)
  2 water moccasins
  3 black bears
  A hornet zombie (D:7)
  2 orc warriors
  5 wolves
  8 centaurs
  2 phantoms (D:9)
  An elf zombie (Ossuary)
  2 bullfrogs
  A wyvern zombie (D:6)
  3 scorpions
  4 two-headed ogre simulacra (IceCv)
  A wyvern skeleton (D:6)
  2 troll zombies
  3 wights (D:9)
  3 killer bees (D:9)
  4 howler monkeys
  A bullfrog zombie (D:7)
  2 centaur zombies
  3 orc priests
  A gnoll shaman (D:8)
  A hound (D:4)
  4 iguanas
  2 orc wizards
  A troll simulacrum (IceCv)
  6 spriggan simulacra (IceCv)
  2 polar bear simulacra (IceCv)
  2 wolf simulacra (IceCv)
  A killer bee zombie (D:7)
  7 ogre zombies
  6 mummies (Ossuary)
  A howler monkey zombie (D:9)
  7 adders
  2 naga simulacra (IceCv)
  2 gnolls
  A shadow imp (D:6)
  5 white imps
  3 ufetubi (IceCv)
  5 adder zombies (Ossuary)
  An adder skeleton (D:4)
  2 worms
  2 dart slugs
  6 orcs
  5 endoplasms
  A giant cockroach (D:3)
  A gnoll zombie (Ossuary)
  5 goblins
  2 hobgoblins
  3 jackals
  A quokka (D:4)
  7 ball pythons
  4 bats (D:2)
  3 frilled lizards
  2 goblin skeletons (D:9)
  3 goblin zombies (Ossuary)
  A hobgoblin skeleton (D:9)
  6 hobgoblin zombies
  5 kobolds
  3 kobold zombies (Ossuary)
  2 orc skeletons (D:9)
  12 orc zombies (D:9)
  2 quokka zombies (Ossuary)
  4 rats
  5 rat zombies (Ossuary)
230 creatures vanquished.

Vanquished Creatures (collateral kills)
  A nameless horror (Lair:1)
  A hydra (Lair:1)
  Erica (D:8)
  Harold (D:11)
  A tengu warrior (D:11)
  An ice statue (IceCv)
  3 komodo dragons (Lair:1)
  2 cane toads (Lair:1)
  An ice devil (IceCv)
  A troll (D:10)
  A polar bear (Lair:1)
  Grinder (D:6)
  10 yaks
  A dire elephant simulacrum (IceCv)
  4 wraiths
  A steam dragon (D:6)
  A harpy simulacrum (IceCv)
  2 water moccasins (Lair:1)
  A sky beast (D:6)
  A black bear (Lair:1)
  2 wolves (Lair:1)
  A centaur (D:8)
  2 bullfrogs (Lair:1)
  4 two-headed ogre simulacra (IceCv)
  2 cane toad simulacra (IceCv)
  An elephant simulacrum (IceCv)
  3 killer bees (D:9)
  A troll zombie (D:9)
  A howler monkey (D:7)
  A wight (D:9)
  A hound (D:6)
  A bullfrog skeleton (D:6)
  4 iguanas (Lair:1)
  An orc wizard (D:8)
  3 troll simulacra (IceCv)
  A spriggan simulacrum (IceCv)
  An ogre zombie (D:9)
  A mummy (Ossuary)
  A howler monkey zombie (D:9)
  5 gnolls
  A naga simulacrum (IceCv)
  4 white imps (IceCv)
  A worm (D:2)
  7 orcs
  An endoplasm (D:1)
  A giant cockroach (D:1)
  2 hobgoblins
  10 jackals (D:1)
  2 quokkas (D:1)
  2 ball pythons (D:1)
  3 bats (D:1)
  2 frilled lizards (D:1)
  2 goblin zombies (D:9)
  A hobgoblin skeleton (D:9)
  A hobgoblin zombie (D:9)
  2 kobolds (D:2)
  3 orc zombies (D:9)
  A rat (D:1)
119 creatures vanquished.

Vanquished Creatures (others)
  A human (D:9)
  A wolf (Lair:2)
  7 knights
  3 fungi
  17 plants
29 creatures vanquished.

Grand Total: 378 creatures vanquished
